 Dungeon Crawl Stone Soup version 0.26-a0-602-gd42a14c (webtiles) character file.

Game seed: 5667531618181112574

869 epsilonGreedy the Skirmisher (level 7, -4/96 HPs)
             Began as a Minotaur Fighter on Aug 30, 2020.
             Was a Follower of Okawaru.
             Killed from afar by an electric eel (14 damage)
             ... with a bolt of electricity
             ... on level 6 of the Dungeon.
             The game lasted 00:20:33 (4613 turns).

epsilonGreedy the Skirmisher (Minotaur Fighter)     Turns: 4613, Time: 00:20:33

Health: -4/96      AC: 17    Str: 22    XL:     7   Next: 73%
Magic:  6/6        EV:  5    Int:  5    God:    Okawaru [*.....]
Gold:   314        SH: 10    Dex: 10    Spells: 6/6 levels left

rFire    . . .     SeeInvis .   a - +0 war axe
rCold    . . .     Faith    .   c - +0 kite shield
rNeg     . . .     Spirit   .   l - +0 plate armour
rPois    .         Reflect  .   (helmet restricted)
rElec    .         Harm     .   (no cloak)
rCorr    .                      E - +0 pair of gloves
MR       .....                  (no boots)
Stlth    ..........             (no amulet)
HPRegen  0.26/turn              u - +4 ring of protection
MPRegen  0.10/turn              (no ring)

@: berserking, very quick
A: retaliatory headbutt, horns 2
a: Heroism, Renounce Religion


You were on level 6 of the Dungeon.
You worshipped Okawaru.
Okawaru was aware of your devotion.
You visited 2 branches of the dungeon, and saw 7 of its levels.

You collected 314 gold pieces.

Inventory:

Hand Weapons
 a - a +0 war axe (weapon)
 e - a +0 whip
 g - a +0 club
Missiles
 i - 279 stones (quivered)
 o - 48 sling bullets
Armour
 b - a +0 scale mail
 c - a +0 kite shield (worn)
 j - a +0 ring mail
 l - a +0 plate armour (worn)
 q - a cursed -2 helmet
 t - a +0 leather armour
 E - a +0 pair of gloves (worn)
Jewellery
 u - a +4 ring of protection (left hand)
Wands
 F - a wand of paralysis (9)
Scrolls
 f - 3 scrolls of remove curse {unknown}
 k - 2 scrolls of amnesia {unknown}
 m - a scroll of blinking {unknown}
 n - 4 scrolls of identify {unknown}
 s - a scroll of magic mapping {unknown}
 v - 2 scrolls of fog {unknown}
 w - a scroll of random uselessness {unknown}
 x - 2 scrolls of teleportation
 y - a scroll of fear {unknown}
 D - a scroll of immolation {unknown}
Potions
 d - 2 potions of might
 h - a potion of flight {unknown}
 p - a potion of curing {unknown}
 r - 2 potions of heal wounds {unknown}
 z - 2 potions of cancellation
 A - a potion of lignification {unknown}
 B - a potion of stabbing {unknown}
 C - a potion of berserk rage


   Skills:
 * Level 6.6 Fighting
 * Level 6.0 Axes
 + Level 5.4 Armour
 + Level 3.4 Dodging
 + Level 5.3 Shields


You had 6 spell levels left.
You didn't know any spells.
Your spell library contained the following spells:

 Spells                   Type           Power        Failure   Level
 Magic Dart               Conj           #...         100%        1
 Blink                    Tloc           N/A          100%        2
 Call Imp                 Summ           #.......     100%        2
 Slow                     Hex            #.......     100%        2
 Conjure Flame            Conj/Fire      #.......     100%        3
 Mephitic Cloud           Conj/Pois/Air  #.......     100%        3


Dungeon Overview and Level Annotations

Branches:
Dungeon (6/15)             Temple (1/1) D:5

Altars:
Ashenzari
Cheibriados
Dithmenos
Elyvilon
Fedhas
Gozag
Hepliaklqana
Makhleb
Nemelex Xobeh
Okawaru
Qazlal
Ru
Sif Muna
Trog
Uskayaw
Vehumet
Wu Jian
Xom
Yredelemnul
Zin
The Shining One

Shops:
D:6 }

Portals:
Abyss: D:3

Annotations:
D:3 2 transporters, Thraspic's ghost, amateur PaAK


Innate Abilities, Weirdness & Mutations

You reflexively headbutt those who attack you in melee.
You have a pair of horns on your head.


Message History

The bolt of electricity hits the electric eel.
The electric eel completely resists.
It was a potion of cancellation.
You feel magically purged.
The electric eel shoots out a bolt of lightning at you!
The bolt of electricity hits you. The bolt of electricity hits you!
* * * LOW HITPOINT WARNING * * *
The bolt of electricity hits the electric eel.
The electric eel completely resists.
The bolt of electricity hits the electric eel.
The electric eel completely resists.
Unknown command.
It was a potion of berserk rage.
A red film seems to cover your vision as you go berserk!
You feel yourself moving faster!
You feel mighty!
You miss the electric eel. Your headbutt misses the electric eel.
You miss the electric eel.
Your plate armour prevents you from hitting the electric eel.
The electric eel shoots out a bolt of lightning at you!
The bolt of electricity misses you. The bolt of electricity hits you!
You die...

.............<..
...................
.........∩.........
...................
.........?.........
#######......[.........
#.....#................
#.....#####..##.....###
#.....'.......$@.......
#.....#...≈≈≈≈≈.;≈≈≈≈.≈
#<....##..≈###≈.≈###≈.≈
#.....##..≈# #≈.≈# ≈
#.....##..≈###≈.≈#
#.....###.≈≈≈≈≈.≈≈≈
#..................
#.....##..≈≈≈≈≈.≈≈≈≈
##.....# ..≈###≈.


You could see an electric eel.

Vanquished Creatures
  Grinder (D:3)
  A sky beast (D:5)
  Blork the orc (D:5)
  A howler monkey (D:5)
  2 hounds (D:5)
  An orc priest (D:4)
  4 iguanas (D:4)
  2 worker ants
  A hound skeleton (D:4)
  7 adders
  3 gnolls (D:2)
  A white imp (D:2)
  An ufetubus (D:5)
  3 adder skeletons
  2 worms (D:2)
  4 dart slugs
  5 leopard geckos
  9 orcs
  A ball python (D:2)
  7 bats
  12 giant cockroaches
  3 hobgoblins
  2 jackals (D:2)
  3 quokkas
  3 frilled lizards
  3 goblins
  7 kobolds
  A leopard gecko skeleton (D:5)
  9 rats
100 creatures vanquished.

Notes
Turn   | Place    | Note
-------+----------+-------------------------------------------
     0 | D:1      | epsilonGreedy the Minotaur Fighter began the quest for the
                  | Orb.
     0 | D:1      | Reached XP level 1. HP: 19/19 MP: 0/0
   113 | D:1      | Reached XP level 2. HP: 27/27 MP: 1/1
   724 | D:2      | Reached XP level 3. HP: 32/33 MP: 2/2
   750 | D:2      | Reached skill level 1 in Dodging
  1109 | D:2      | Reached XP level 4. HP: 39/41 MP: 3/3
  1895 | D:3      | Noticed Grinder
  1908 | D:3      | Killed Grinder
  1908 | D:3      | Reached skill level 5 in Fighting
  1908 | D:3      | Reached XP level 5. HP: 43/48 MP: 4/4
  1908 | D:3      | Reached XP level 6. HP: 50/56 MP: 5/5
  1954 | D:3      | Noticed a small abomination
  1970 | D:3      | Noticed Thraspic's ghost (amateur PaAK)
  1978 | D:3      | Found a transporter.
  1982 | D:3      | Found a one-way gate to the infinite horrors of the Abyss.
  1994 | D:3      | Found a transporter.
  1996 | D:3      | Noticed a toenail golem
  2756 | D:4      | Reached skill level 5 in Axes
  2863 | D:4      | Reached skill level 5 in Armour
  2863 | D:4      | Reached XP level 7. HP: 63/63 MP: 6/6
  3303 | D:5      | Entered Level 5 of the Dungeon
  3490 | D:5      | Reached skill level 5 in Shields
  3493 | D:5      | Found a staircase to the Ecumenical Temple.
  3502 | Temple   | Entered the Ecumenical Temple
  3601 | Temple   | Became a worshipper of Warmaster Okawaru
  3623 | D:5      | Noticed Blork the orc
  3635 | D:5      | Killed Blork the orc
  3941 | D:5      | Reached * piety under Okawaru
  4570 | D:6      | Found Oczeff's Gadget Shoppe.
  4613 | D:6      | Killed from afar by an electric eel

Illustrated notes

Levels and vault maps discovered:
D:1:      wander_arrival_peaceful_grave, layout_rooms, serial_rivers,
          chequers_serial_rivers_small_a, chequers_serial_rivers_small_3,
          chequers_serial_rivers_small_b, chequers_serial_rivers_micro_e
D:2:      minmay_roachtagon, layout_loops_ring
D:3:      layout_loops_ring, gammafunk_ghost_abyssal_escape, uniq_grinder
D:4:      layout_cave_pools
D:5:      layout_gridville, minmay_temple_entry_wispy, uniq_blork_the_orc
D:6:      layout_gridville, serial_shops, shop, gammafunk_ghost_necromancy,
          kennysheep_boxes, uniq_duvessa, uniq_pikel
Temple:   compressed_dpeg_circular_temple

Skill      XL: |  1  2  3  4  5  6  7 |
---------------+----------------------+-----
Fighting       | 4 5 6 |  6.6
Axes           | 3 4 5 6 |  6.0
Dodging        | 1 2 3 |  3.4
Armour         | 4 5 |  5.4
Shields        | 4 5 |  5.3

Action                   |  1- 3 |  4- 6 |  7- 9 || total
-------------------------+-------+-------+-------++-------
Melee: War axe           |    68 |   116 |    63 ||   247
       Headbutt          |    10 |    17 |     9 ||    36
  Use: Potion            |       |     1 |     2 ||     3
Armor: Scale mail        |     9 |       |       ||     9
       Plate armour      |    17 |    63 |    43 ||   123
Dodge: Dodged            |    17 |    19 |    16 ||    52
Block: Kite shield       |    31 |    58 |    36 ||   125

Table legend: (Time is in decaauts)
 A = Elapsed time spent in this place.
 B = Non-inter-level travel time spent in this place.
 C = Inter-level travel time spent in this place.
 D = Time resting spent in this place.
 E = Time spent auto-exploring this place.
 F = Levels seen in this place.
 G = Mean time per level.
                   A        B        C        D        E       F      G
               +--------+--------+--------+--------+--------+-----+--------+
         Total |   4706 |   4389 |    317 |    532 |   2989 |   7 |  672.3 |
       Dungeon |   4596 |   4279 |    317 |    532 |   2919 |   6 |  766.0 |
        Temple |    109 |    109 |      0 |      0 |     70 |   1 |  109.0 |
               +--------+--------+--------+--------+--------+-----+--------+

Top non-repeatable levels by time:
     D:2: 1111 daAuts
     D:5: 1084 daAuts
     D:3: 976 daAuts
     D:1: 735 daAuts
     D:4: 617 daAuts
  Temple: 109 daAuts
     D:6: 72 daAuts
